 Dungeon Crawl Stone Soup version 0.27.1 (webtiles) character file.

Game seed: 4994894389400188416

1278 shadowrider38 the Slicer (level 8, -9/81 HPs)
             Began as a Kobold Berserker on Aug 24, 2021.
             Was a Priest of Trog.
             Mangled by a troll (11 damage)
             ... on level 6 of the Dungeon.
             The game lasted 00:11:21 (7474 turns).

shadowrider38 the Slicer (Kobold Berserker)         Turns: 7474, Time: 00:11:22

Health: -9/81      AC:  8    Str: 17    XL:     8   Next: 84%
Magic:  17/17      EV: 12    Int:  8    God:    Trog [***...]
Gold:   258        SH:  0    Dex: 14    Spells: 7/7 levels left

rFire    . . .     SeeInvis .   a - +0 short sword
rCold    . . .     Faith    .   (shield restricted)
rNeg     . . .     Spirit   .   D - +0 scale mail
rPois    +         Reflect  .   m - +0 helmet
rElec    .         Harm     .   (no cloak)
rCorr    .         Rampage  .   (no gloves)
Will     .....                  j - +0 pair of boots
Stlth    ..........             (no amulet)
HPRegen  0.23/turn              w - ring of poison resistance
MPRegen  0.15/turn              t - ring of magical power

@: berserking (expiring), very quick
A: small, no large weapons, nightstalker 3
a: Renounce Religion, Berserk, Trog's Hand


You were on level 6 of the Dungeon.
You worshipped Trog.
Trog was most pleased with you.
You visited 2 branches of the dungeon, and saw 7 of its levels.

You collected 258 gold pieces.

Inventory:

Hand Weapons
 a - a +0 short sword (weapon)
Missiles
 l - 22 bolts
Armour
 j - a +0 pair of boots (worn)
 k - a +0 leather armour
 m - a +0 helmet (worn)
 D - a +0 scale mail (worn)
Jewellery
 q - a ring of flight
 t - a ring of magical power (right hand)
 w - a ring of poison resistance (left hand)
Wands
 n - a wand of flame (31)
Scrolls
 b - a scroll of fear {unknown}
 c - a scroll of immolation
 d - a scroll of enchant weapon {unknown}
 g - a scroll of fog {unknown}
 i - a scroll of noise
 s - a scroll of blinking {unknown}
 x - 2 scrolls of magic mapping {unknown}
 y - a scroll of amnesia {unknown}
 z - a scroll of holy word {unknown}
 A - a scroll of silence {unknown}
 B - 2 scrolls of teleportation {unknown}
Potions
 e - 2 potions of might
 f - a potion of heal wounds {unknown}
 h - 2 potions of lignification
 o - a potion of degeneration {unknown}
 p - a potion of cancellation {unknown}
 u - 3 potions of flight
 C - 2 potions of curing


   Skills:
 + Level 7.7 Fighting
 + Level 10.6 Short Blades
 - Level 1.5 Armour
 - Level 2.4 Dodging
 - Level 1.8 Stealth


You had 7 spell levels left.
You didn't know any spells.
Your spell library was empty.

Dungeon Overview and Level Annotations

Branches:
Dungeon (6/15)             Temple (1/1) D:4

Altars:
Ashenzari
Cheibriados
Dithmenos
Elyvilon
Fedhas
Gozag
Hepliaklqana
Makhleb
Nemelex Xobeh
Okawaru
Qazlal
Ru
Sif Muna
Trog
Uskayaw
Vehumet
Wu Jian
Xom
Yredelemnul
Zin
The Shining One

Shops:
D:2 :


Innate Abilities, Weirdness & Mutations

You are small and have problems with some larger weapons.
You are completely attuned to the shadows.


Message History

You hit Eustachio.
Eustachio is almost dead.
The ufetubus closely misses you.
The ufetubus hits you but does no damage.
You closely miss Eustachio.
Eustachio is almost dead.
The troll barely misses you. x2; The troll misses you.
Eustachio mumbles some strange words.
You closely miss Eustachio.
Eustachio is almost dead.
The ufetubus barely misses you. The ufetubus hits you.
The crimson imp blinks!
You closely miss Eustachio.
Eustachio is almost dead.
You closely miss Eustachio.
Eustachio is almost dead.
The ufetubus closely misses you. x2
The quasit bites you but does no damage.
The quasit closely misses you. The quasit claws you. The quokka bites you.
The troll bites you but does no damage. The troll barely misses you.
The troll claws you.
* * * LOW HITPOINT WARNING * * *
Eustachio mumbles some strange words.
You puncture Eustachio!
You kill Eustachio!
Trog accepts your kill.
Trog appreciates your killing of a magic user.
The ufetubus disappears in a puff of smoke!
The quasit disappears in a puff of smoke!
The crimson imp disappears in a puff of smoke!
The quokka disappears in a puff of smoke! x2
The bat disappears in a puff of smoke!
The river rat disappears in a puff of smoke! x2
You puncture the troll!
The troll is moderately wounded.
The troll bites you!
* * * LOW HITPOINT WARNING * * *
The troll claws you!
* * * LOW HITPOINT WARNING * * *
The troll claws you!
You die...

#.....##
#......#
.§.§§..#
#§§§§.#
#§)@T.#
#######


You could see a troll.

Vanquished Creatures
  Eustachio (D:6)
  Edmund (D:4)
  An ice beast (D:4)
  A sky beast (D:5)
  2 ogres (D:5)
  A phantom (D:4)
  A scorpion (D:5)
  A water moccasin skeleton (D:5)
  A bullfrog zombie (D:5)
  2 hounds
  A jelly (D:5)
  A bullfrog skeleton (D:5)
  Jessica (D:2)
  2 iguanas
  Natasha (thrice) (D:2)
  A hound zombie (D:5)
  Robin (D:2)
  A howler monkey skeleton (D:4)
  7 adders
  An ufetubus (D:5)
  A worm (D:2)
  4 dart slugs
  6 bats
  8 endoplasms
  8 giant cockroaches
  13 goblins
  8 hobgoblins
  7 jackals
  2 quokkas
  2 ball pythons
  4 frilled lizards (D:1)
  8 kobolds
  10 rats
112 creatures vanquished.

Notes
Turn   | Place    | Note
-------+----------+-------------------------------------------
     0 | D:1      | shadowrider38 the Kobold Berserker began the quest for the
                  | Orb.
     0 | D:1      | Reached XP level 1. HP: 14/14 MP: 1/1
    47 | D:1      | Reached XP level 2. HP: 14/19 MP: 2/2
   358 | D:1      | Reached skill level 5 in Short Blades
   512 | D:1      | Reached XP level 3. HP: 16/23 MP: 3/3
  1346 | D:1      | Reached ** piety under Trog
  1643 | D:2      | Noticed Jessica
  1778 | D:2      | Found Rorag's Book Emporium.
  1842 | D:2      | Killed Jessica
  1843 | D:2      | Reached skill level 6 in Short Blades
  1843 | D:2      | Reached XP level 4. HP: 28/28 MP: 4/4
  2148 | D:2      | Reached skill level 1 in Stealth
  2172 | D:2      | Reached XP level 5. HP: 32/32 MP: 5/5
  2258 | D:2      | Found a faded altar of an unknown god.
  2403 | D:2      | Noticed Robin
  2755 | D:2      | Killed Robin
  2756 | D:2      | Reached skill level 7 in Short Blades
  3028 | D:2      | Noticed Natasha
  3045 | D:2      | Killed Natasha
  3225 | D:2      | Noticed Natasha
  3245 | D:2      | Killed Natasha
  3246 | D:2      | Reached XP level 6. HP: 38/38 MP: 6/6
  3497 | D:2      | Noticed Natasha
  3503 | D:2      | Killed Natasha
  3503 | D:2      | Reached *** piety under Trog
  4777 | D:4      | Noticed an ice beast
  4786 | D:4      | Killed an ice beast
  4787 | D:4      | Reached skill level 8 in Short Blades
  4965 | D:4      | Reached skill level 5 in Fighting
  4965 | D:4      | Reached XP level 7. HP: 44/44 MP: 7/7
  5208 | D:4      | Found a staircase to the Ecumenical Temple.
  5285 | D:4      | Noticed Edmund
  5295 | D:4      | Killed Edmund
  5296 | D:4      | Reached skill level 9 in Short Blades
  5839 | Temple   | Entered the Ecumenical Temple
  5937 | D:5      | Entered Level 5 of the Dungeon
  6088 | D:5      | Reached XP level 8. HP: 49/51 MP: 8/8
  6521 | D:5      | Reached skill level 10 in Short Blades
  7456 | D:6      | Noticed Eustachio
  7456 | D:6      | Noticed a troll
  7473 | D:6      | Killed Eustachio
  7474 | D:6      | HP: 2/81 [troll (8)]
  7474 | D:6      | Mangled by a troll

Illustrated notes

Levels and vault maps discovered:
D:1:      scummos_arrival_simple_crosswalls, layout_basic, serial_curves,
          eino_curves_03, eino_curves_04, eino_curves_02
D:2:      layout_rooms, dreamdust_ecumenical_altar_statues, serial_shops, shop,
          uniq_jessica, uniq_robin, uniq_natasha
D:3:      minmay_general_purpose_star, layout_loops_ring
D:4:      layout_basic, temple_statues, serial_bayou_ford_a, uniq_edmund
D:5:      layout_cave_pods
D:6:      layout_rooms, kennysheep_vampire_church, gammafunk_ghost_split,
          serial_shops, kennysheep_mini, cheibrodos_sewer_entry_sluice,
          kennysheep_potato, uniq_eustachio
Temple:   grunt_wide_crystal_templ

Skill      XL: |  1  2  3  4  5  6  7  8 |
---------------+-------------------------+-----
Short Blades   | 5 6 7 8 9 10 | 10.6
Stealth        | 1 |  1.8
Fighting       | 4 5 6 7 |  7.7
Armour         | |  1.5
Dodging        | |  2.4

Action                   |  1- 3 |  4- 6 |  7- 9 || total
-------------------------+-------+-------+-------++-------
Melee: Short sword       |    91 |   170 |   185 ||   446
Invok: Berserk           |     2 |     5 |     9 ||    16
  Use: Scroll            |       |       |     6 ||     6
 Stab: Sleeping          |    10 |    15 |     2 ||    27
       Distracted        |       |     1 |       ||     1
Armor: Animal skin       |     8 |       |       ||     8
       Leather armour    |     1 |    38 |       ||    39
       Ring mail         |       |       |    23 ||    23
       Scale mail        |       |       |    31 ||    31
Dodge: Dodged            |    62 |   114 |    76 ||   252
